 Dungeon Crawl Stone Soup version 0.31.0-12-g77e489cdc1 (webtiles) character file.

Game seed: 8899912889992834321

380 Gadfly the Trooper (level 6, -1/61 (62) HPs)
             Began as an Oni Gladiator on Feb 20, 2024.
             Slain by an iguana (8 damage)
             ... on level 5 of the Dungeon.
             The game lasted 00:05:25 (3004 turns).

Gadfly the Trooper (Oni Gladiator)                  Turns: 3004, Time: 00:05:26

HP:   -1/61 (62)    AC:  5    Str: 25    XL:     6   Next: 75%
MP:   8/8           EV: 10    Int:  9    God:
Gold: 193           SH:  0    Dex: 10    Spells: 5/5 levels left

rFire   . . .        a - +10 mace of the Traitor {heavy, Str+4}
rCold   + + .        (no shield)
rNeg    . . .        h - +0 robe
rPois   .            r - +1 hat
rElec   .            f - +0 cloak
rCorr   .            (gloves unavailable)
SInv    .            (boots unavailable)
Will    .....        s - amulet of the acrobat
Stlth   +            l - ring of protection from cold
HPRegen 0.30/turn    u - ring of protection from cold
MPRegen 0.11/turn

%: acrobat
@: on fire, glowing, lightly drained
A: large, unfitting armour, horns 1, tough skin 1, double potion healing,
drunken brawling
a: no special abilities


You were on level 5 of the Dungeon.
You visited 1 branch of the dungeon, and saw 5 of its levels.

You collected 193 gold pieces.

Inventory:

Hand Weapons
 a - the +10 mace of the Traitor (weapon) {heavy, Str+4}
   (You found it on level 3 of the Dungeon)

   Str+4:     It affects your strength (+4).
 b - a +0 mace of venom
 k - a +0 flail
 m - the +2 mace "Bipneorph" {flame, ^Contam rN+ Int+3 Dex+3}
   (You found it on level 3 of the Dungeon)

   Int+3:     It affects your intelligence (+3).
   Dex+3:     It affects your dexterity (+3).
   rN+:       It protects you from negative energy.
   ^Contam:   It causes magical contamination when unequipped.
Missiles
 c - 6 datura-tipped darts
 d - 3 throwing nets
 w - 12 poisoned darts
Armour
 f - a +0 cloak (worn)
 h - a +0 robe (worn)
 r - a +1 hat (worn)
Jewellery
 l - a ring of protection from cold (left hand)
 o - an amulet of faith
 s - an amulet of the acrobat (around neck)
 u - a ring of protection from cold (right hand)
Scrolls
 v - a scroll of teleportation
Potions
 g - a potion of berserk rage
 i - 3 potions of curing
 j - 2 potions of might
 n - 2 potions of heal wounds
 p - a potion of attraction {unknown}
 q - a potion of ambrosia {unknown}
Miscellaneous
 x - a box of beasts


   Skills:
 + Level 4.0 Fighting
 + Level 3.7 Maces & Flails
 * Level 3.5 Throwing
 + Level 3.3 Dodging
 + Level 3.1 Invocations
 * Level 2.5 Evocations


You had 5 spell levels left.
You didn't know any spells.
Your spell library contained the following spells:

 Spells                   Type           Power      Damage    Failure   Level
 Inner Flame              Hex/Fire       0%         N/A       77%         3
 Flame Wave               Conj/Fire      0%         2d4       99%         4
 Sticky Flame             Fire/Alch      0%         2d4       99%         4


Dungeon Overview and Level Annotations

Branches:
Dungeon (5/15)
 Temple: D:4-7

Altars:
Nemelex Xobeh
Sif Muna
Trog
Xom


Innate Abilities, Weirdness & Mutations

You are too large for most types of armour.
You have a pair of small horns on your head.
You have tough skin. (AC +1)
You gain doubled healing and magic from potions.
Whenever you drink a healing potion, you attack all around you.


Message History

The bombardier beetle sprays incendiary fluid at you.
The burning spray misses you.
You throw a large rock.
The large rock hits the bombardier beetle!
The bombardier beetle is severely wounded.
You hear a distant slurping noise.
The bombardier beetle sprays incendiary fluid at you.
The burning spray hits you.
You are covered in liquid fire!
You barely miss the bombardier beetle.
The bombardier beetle is severely wounded.
The liquid fire burns you! The bombardier beetle bites you.
You bludgeon the bombardier beetle!!
You kill the bombardier beetle!
The liquid fire burns you! The iguana bites you! x2
* * * LOW HITPOINT WARNING * * *
You are too injured to fight recklessly!
You are too injured to fight recklessly!
You are too injured to fight recklessly!
You are too injured to fight recklessly!
You are too injured to fight recklessly!
You are too injured to fight recklessly!
You are too injured to fight recklessly!
You are too injured to fight recklessly!
You are too injured to fight recklessly!
You are too injured to fight recklessly!
You are too injured to fight recklessly!
You are too injured to fight recklessly!
You are too injured to fight recklessly!
You are too injured to fight recklessly!
You are too injured to fight recklessly!
Unknown command.
You closely miss the iguana. You headbutt the iguana!
The iguana is moderately wounded.
The liquid fire burns you!
* * * LOW HITPOINT WARNING * * *
The iguana bites you!
You die...

#....#
#....#....#
#....#....#
#....#....#
#....#....# .
#...##.###
...###...##'##
.............#
......(@.....+
......l......#
.............#
######..##..##
#+###.># .....
...... .....


You could see an iguana.

Vanquished Creatures
  A scorpion (D:4)
  A wight (D:4)
  A bombardier beetle (D:5)
  A jelly (D:4)
  A hound (D:4)
  An orc wizard (D:3)
  5 adders
  A ribbon worm (D:2)
  2 dart slugs
  10 orcs
  4 ball pythons
  5 bats
  13 endoplasms
  5 giant cockroaches
  8 goblins
  10 hobgoblins
  7 kobolds
  A quokka (D:1)
  3 frilled lizards (D:1)
  8 rats
88 creatures vanquished.

Notes
Turn   | Place    | Note
-------+----------+-------------------------------------------
     0 | D:1      | Gadfly the Oni Gladiator began the quest for the Orb.
     0 | D:1      | Reached XP level 1. HP: 22/22 MP: 1/1
   263 | D:1      | Reached XP level 2. HP: 29/29 MP: 2/2
   369 | D:1      | Reached skill level 1 in Invocations
   459 | D:1      | Found a faded altar of an unknown god.
   660 | D:1      | Reached XP level 3. HP: 26/36 MP: 4/4
   747 | D:1      | Reached skill level 1 in Evocations
  1053 | D:2      | Reached skill level 3 in Fighting
  1118 | D:2      | Found a shimmering altar of Xom.
  1373 | D:2      | Reached XP level 4. HP: 36/45 MP: 5/5
  1524 | D:3      | Identified the +10 mace of the Traitor {heavy, Str+4}
  1634 | D:3      | Found a sparkling altar of Nemelex Xobeh.
  1640 | D:3      | Found a bloodstained altar of Trog.
  1654 | D:3      | Reached XP level 5. HP: 46/53 MP: 6/6
  1997 | D:3      | Identified the +2 mace "Bipneorph" {flame, ^Contam rN+
                  | Int+3 Dex+3}
  2480 | D:4      | Found a shimmering blue altar of Sif Muna.
  2704 | D:4      | Reached XP level 6. HP: 55/62 MP: 8/8
  2759 | D:4      | Reached skill level 4 in Fighting
  2970 | D:5      | Entered Level 5 of the Dungeon
  3004 | D:5      | Slain by an iguana

Illustrated notes

Levels and vault maps discovered:
D:1:      dpeg_arrival_refuge, layout_loops_corners,
          nicolae_ecumenical_lake_church
D:2:      layout_rooms, basic_altar, serial_bayou_pond_b
D:3:      layout_rooms, mainiacjoe_overflow_catch_the_wave
D:4:      minmay_clustersquares, layout_basic, lemuel_doored_altar,
          serial_corexii_hall, corexii_hall_statues_l,
          chequers_hall_statues_wall_a, corexii_hall_statues_i,
          chequers_hall_statues_wall_a, minmay_pentangle
D:5:      layout_gridville, dancing_weapons_uskayaw, uniq_duvessa, uniq_ijyb,
          uniq_menkaure

Skill      XL: |  1  2  3  4  5  6 |
---------------+-------------------+-----
Invocations    | 1 2 3 |  3.1
Evocations     | 1 2 |  2.5
Fighting       | 3 4 |  4.0
Dodging        | 3 |  3.3
Throwing       | 3 |  3.5
Maces & Flails | |  3.7

Action                     |  1- 3 |  4- 6 || total
---------------------------+-------+-------++-------
  Melee: Mace              |    80 |    81 ||   161
         Headbutt          |    11 |    10 ||    21
         Flail             |     1 |       ||     1
  Throw: Large rock        |       |     1 ||     1
    Use: Scroll            |     5 |     5 ||    10
         Potion            |       |     1 ||     1
   Stab: Sleeping          |     2 |       ||     2
 Armour: Robe              |    49 |    67 ||   116
  Dodge: Dodged            |    43 |    45 ||    88
